 Dungeon Crawl Stone Soup version 0.31-a0-222-gefeffbb62a (webtiles) character file.

Game seed: 7487186531383983775

3176 bmack86 the Severer (level 9, -5/66 (70) HPs)
             Began as a Minotaur Fighter on July 6, 2023.
             Was a Follower of Okawaru.
             Slain by a wight
             ... wielding a +5 trident
              (10 damage)
             ... on level 8 of the Dungeon.
             The game lasted 00:21:49 (7238 turns).

bmack86 the Severer (Minotaur Fighter)              Turns: 7238, Time: 00:21:50

HP:   -5/66 (70)    AC: 10    Str: 27    XL:     9   Next: 63%
MP:   0/8           EV:  9    Int:  5    God:    Okawaru [*.....]
Gold: 258           SH:  4    Dex: 10    Spells: 8/8 levels left

rFire   . . .        h - +0 broad axe
rCold   . . .        c - +0 buckler
rNeg    . . .        b - +0 scale mail
rPois   .            (helmet restricted)
rElec   +            a - +2 cloak {rCorr}
rCorr   +            (no gloves)
SInv    .            (no boots)
Will    .....        m - amulet "Puviuc" {Spirit rElec Str+2} Stlth
                     (no ring)
HPRegen 0.31/turn    (no ring)
MPRegen 0.11/turn

%: guardian spirit
@: mighty, drained
A: horns 2, retaliatory headbutt
a: Renounce Religion, Heroism


You were on level 8 of the Dungeon.
You worshipped Okawaru.
Okawaru was aware of your devotion.
You visited 2 branches of the dungeon, and saw 9 of its levels.

You collected 298 gold pieces.
You spent 40 gold pieces at shops.

Inventory:

Hand Weapons
 h - a +0 broad axe (weapon)
 q - a +3 rapier of flaming
Missiles
 v - 17 poisoned darts
Armour
 a - a +2 cloak of preservation (worn)
 b - a +0 scale mail (worn)
 c - a +0 buckler (worn)
 p - a +0 cloak
Jewellery
 m - the amulet "Puviuc" (around neck) {Spirit rElec Str+2}
   (You found it on level 3 of the Dungeon)

   [amulet of guardian spirit]

   It causes incoming damage to be divided between your reserves of health and
   magic.
   Str:       It affects your strength (+2).
   rElec:     It insulates you from electricity.
 t - a ring of wizardry
 u - an amulet of faith
Scrolls
 e - a scroll of fear
 g - 3 scrolls of enchant armour
 i - a scroll of amnesia
 k - a scroll of teleportation
 n - a scroll of identify
Potions
 r - a potion of haste


   Skills:
 - Level 3.6 Fighting
 + Level 16.0 Axes
 - Level 3.6 Armour
 - Level 3.6 Shields


You had 8 spell levels left.
You didn't know any spells.
Your spell library contained the following spells:

 Spells                   Type           Power      Damage    Failure   Level
 Ozocubu's Armour         Ice            0%         N/A       99%         3
 Blade Hands              Tmut           0%         N/A       100%        5
 Metabolic Englaciation   Hex/Ice        0%         N/A       100%        5
 Animate Armour           Summ/Erth      Unusable   N/A       N/A         4
 Summon Lightning Spire   Summ/Air       Unusable   N/A       N/A         4
 Simulacrum               Ice/Necr       Unusable   N/A       N/A         6

Dungeon Overview and Level Annotations

Branches:
Dungeon (8/15)             Temple (1/1) D:7
   Lair: D:8-11

Altars:
Ashenzari
Cheibriados
Dithmenos
Elyvilon
Fedhas
Hepliaklqana
Kikubaaqudgha
Makhleb
Nemelex Xobeh
Okawaru
Qazlal
Ru
Sif Muna
Trog
Uskayaw
Vehumet
Wu Jian
Xom
Yredelemnul
Zin
The Shining One

Shops:
D:3 (


Innate Abilities, Weirdness & Mutations

You have a pair of horns on your head.
You reflexively headbutt those who attack you in melee.


Message History

The steam dragon claws you but does no damage.
The wight hits you but does no damage. x2
You slash the steam dragon! Your headbutt misses the steam dragon.
The steam dragon is moderately wounded.
You slash the wight! x3
The wight hits you with a +0 long sword!
* * * LOW HITPOINT WARNING * * *
The wight hits you but does no damage.
The wight hits you from afar with a +5 trident.
* * * LOW HITPOINT WARNING * * *
You feel drained. The wight barely misses you.
You block the steam dragon's attack.
The steam dragon claws you but does no damage.
You hit the wight but do no damage.
The wight is severely damaged.
You slash the wight!
You destroy the wight!
Okawaru accepts your kill.
You slash the steam dragon! You slash the wight!
You destroy the wight!
Okawaru accepts your kill. You block the steam dragon's attack. x2
The wight hits you from afar with a +5 trident.
* * * LOW HITPOINT WARNING * * *
You feel drained.
* * * LOW HITPOINT WARNING * * *
The wight closely misses you.
You slice the wight!!
You destroy the wight!
Okawaru accepts your kill.
You completely miss the steam dragon.
Your Axes skill increases to level 16!
The steam dragon attacks as you move away!
The steam dragon barely misses you. You furiously retaliate!
You headbutt the steam dragon!
You kill the steam dragon!
Okawaru accepts your kill.
You can now gain great but temporary skills.
The wight hits you with a +5 trident!
You die...

.. .# #### ...... .#..#
........ ..
#..##..##.#.#.
#.z##..##.#..# .
#)@##..##.#..##.#.. ...
#))##..##.#..##.#..
....##......##.#<..#....
#...<..............#..
#.....(..........#.#..
#...####..#........#..
...... #..#####..#.#..
...... #........).....
...##. #.######..#....


You could see a wight.

Vanquished Creatures
  Maggie (D:8)
  Eustachio (D:4)
  2 steam dragons
  Menkaure (D:7)
  3 black bears
  2 sky beasts (D:7)
  An ogre (D:6)
  A centaur (D:7)
  2 kobold brigands (D:7)
  Blork the orc (D:5)
  3 bullfrogs (D:7)
  4 scorpions
  4 wights (D:8)
  3 howler monkeys (D:7)
  3 jellies
  Crazy Yiuf (D:5)
  4 orc priests
  2 gnoll boudas (D:7)
  7 hounds
  2 iguanas
  2 orc wizards
  16 gnolls
  7 adders
  2 white imps (D:7)
  An ufetubus (D:6)
  3 worms
  A dart slug (D:5)
  8 orcs
  10 ball pythons
  4 bats
  11 endoplasms
  2 giant cockroaches
  6 goblins
  3 hobgoblins
  13 jackals
  14 kobolds
  3 frilled lizards
  3 rats
157 creatures vanquished.

Notes
Turn   | Place    | Note
-------+----------+-------------------------------------------
     0 | D:1      | bmack86 the Minotaur Fighter began the quest for the Orb.
     0 | D:1      | Reached XP level 1. HP: 19/19 MP: 0/0
   136 | D:1      | Reached skill level 3 in Axes
   139 | D:1      | Reached XP level 2. HP: 26/26 MP: 1/1
   529 | D:1      | Reached skill level 4 in Axes
   917 | D:2      | Reached XP level 3. HP: 31/31 MP: 2/2
   938 | D:2      | Reached skill level 5 in Axes
   943 | D:2      | Reached XP level 4. HP: 11/39 MP: 3/3
  1307 | D:2      | Reached skill level 6 in Axes
  1962 | D:3      | Found Edghafu's Weapon Shop.
  1970 | D:3      | Bought a +0 broad axe for 40 gold pieces
  1978 | D:3      | Reached XP level 5. HP: 45/45 MP: 4/4
  2056 | D:3      | Found a shadowy altar of Dithmenos.
  2170 | D:3      | Identified the amulet "Puviuc" {Spirit rElec Str+2}
  2248 | D:3      | Found a hide-covered altar of Uskayaw.
  2249 | D:3      | Found a stormy altar of Qazlal.
  2255 | D:3      | Found a basalt altar of Yredelemnul.
  2256 | D:3      | Found a shimmering blue altar of Sif Muna.
  2261 | D:3      | Found a bloodstained altar of Trog.
  2261 | D:3      | Found a glowing golden altar of the Shining One.
  2262 | D:3      | Found a snail-covered altar of Cheibriados.
  2309 | D:3      | Found a burning altar of Makhleb.
  2604 | D:4      | Reached skill level 7 in Axes
  2836 | D:4      | Found an ornate altar of the Wu Jian Council.
  2954 | D:4      | Found a blossoming altar of Fedhas.
  2983 | D:4      | Reached XP level 6. HP: 39/51 MP: 2/5
  3054 | D:4      | Found a white marble altar of Elyvilon.
  3154 | D:4      | Found a sparkling altar of Nemelex Xobeh.
  3405 | D:5      | Entered Level 5 of the Dungeon
  3410 | D:5      | Noticed Eustachio
  3411 | D:5      | Reached skill level 8 in Axes
  3549 | D:4      | Killed Eustachio
  3550 | D:4      | Reached skill level 9 in Axes
  3550 | D:4      | Reached XP level 7. HP: 19/57 MP: 4/6
  3751 | D:5      | Found a runed translucent door.
  3752 | D:5      | Noticed Crazy Yiuf
  3763 | D:5      | Killed Crazy Yiuf
  4073 | D:5      | Reached skill level 10 in Axes
  4284 | D:5      | Noticed Blork the orc
  4298 | D:5      | Killed Blork the orc
  4299 | D:5      | Reached skill level 11 in Axes
  4330 | D:5      | Reached XP level 8. HP: 64/64 MP: 7/7
  4865 | D:6      | Reached skill level 12 in Axes
  6007 | D:7      | Reached skill level 13 in Axes
  6108 | D:7      | Found a shimmering altar of Xom.
  6127 | D:7      | Reached XP level 9. HP: 6/70 MP: 2/8
  6129 | D:7      | Reached skill level 14 in Axes
  6136 | D:7      | HP: 3/70 [poisoned by a kobold brigand]
  6496 | D:7      | Noticed Menkaure
  6508 | D:7      | Killed Menkaure
  6607 | D:7      | Reached skill level 15 in Axes
  6708 | D:7      | Found a staircase to the Ecumenical Temple.
  6740 | Temple   | Entered the Ecumenical Temple
  6934 | Temple   | Became a worshipper of Warmaster Okawaru
  7177 | D:8      | Noticed Maggie
  7193 | D:8      | Killed Maggie
  7238 | D:8      | Reached skill level 16 in Axes
  7238 | D:8      | Reached * piety under Okawaru
  7238 | D:8      | Slain by a wight

Illustrated notes

Levels and vault maps discovered:
D:1:      matt_arrival_refuge, layout_basic, serial_bayou_crossing
D:2:      layout_basic
D:3:      layout_loops_cross, mainiacjoe_overflow_six_doors_small,
          general_overflow_altar, grunt_temple_overflow_open, serial_shops, shop
D:4:      layout_loops_ring, elyvilon_altar_3, nicolae_overflow_hidden_temple,
          lemuel_coloured_pillars_altar, mainiacjoe_overflow_catwalk,
          grunt_ministairs_13, minivault_4
D:5:      layout_basic, serial_bayou_pond_e, grunt_ministairs_13,
          amcnicky_mini_pool_small, grunt_decor_mini_mirrors,
          uniq_crazy_yiuf_cottage, uniq_blork_the_orc, uniq_eustachio
D:6:      layout_layer_cave
D:7:      layout_rooms, nicolae_overflow_crystal_walls, temple_pool_b,
          uniq_menkaure
D:8:      layout_basic, mainiacjoe_overflow_surrounded_room,
          chequers_serial_rivers_large_a, uniq_psyche, uniq_maggie
Temple:   nicolae_temple_bog_church

Skill      XL: |  1  2  3  4  5  6  7  8  9 |
---------------+----------------------------+-----
Axes           | 3 4 5 6 7 9 11 13 16 | 16.0
Fighting       | |  3.6
Armour         | |  3.6
Shields        | |  3.6

Action                     |  1- 3 |  4- 6 |  7- 9 || total
---------------------------+-------+-------+-------++-------
  Melee: War axe           |    45 |    49 |       ||    94
         Headbutt          |     8 |    22 |    28 ||    58
         Broad axe         |       |    63 |   188 ||   251
    Use: Scroll            |       |     3 |     9 ||    12
         Potion            |       |       |     4 ||     4
 Armour: Scale mail        |    13 |    70 |    82 ||   165
  Dodge: Dodged            |    21 |    83 |    88 ||   192
  Block: Buckler           |    12 |    46 |    46 ||   104

Table legend: (Time is in decaauts)
 A = Elapsed time spent in this place.
 B = Non-inter-level travel time spent in this place.
 C = Inter-level travel time spent in this place.
 D = Time resting spent in this place.
 E = Time spent auto-exploring this place.
 F = Levels seen in this place.
 G = Mean time per level.
                   A        B        C        D        E       F      G
               +--------+--------+--------+--------+--------+-----+--------+
         Total |   7299 |   7050 |    249 |    302 |   5065 |   9 |  811.0 |
       Dungeon |   7089 |   6848 |    241 |    302 |   4873 |   8 |  886.1 |
        Temple |    210 |    202 |      8 |      0 |    192 |   1 |  210.0 |
               +--------+--------+--------+--------+--------+-----+--------+

Top non-repeatable levels by time:
     D:6: 1375 daAuts
     D:4: 1158 daAuts
     D:5: 971 daAuts
     D:2: 947 daAuts
     D:7: 943 daAuts
     D:1: 921 daAuts
     D:3: 682 daAuts
  Temple: 210 daAuts
     D:8: 89 daAuts
